 Dungeon Crawl Stone Soup version 0.28.0 (webtiles) character file.

Game seed: 2495404888277659903

15262 arthad the Cleaver (level 12, -6/75 HPs)
             Began as a Gargoyle Fighter on Feb 13, 2022.
             Was a High Priest of Okawaru.
             Mangled by a four-headed hydra (7 damage)
             ... on level 11 of the Dungeon.
             The game lasted 00:23:26 (10540 turns).

arthad the Cleaver (Gargoyle Fighter)              Turns: 10540, Time: 00:23:28

Health: -6/75      AC: 25    Str: 31    XL:     12   Next: 25%
Magic:  16/16      EV: 14    Int:  7    God:    Okawaru [*****.]
Gold:   566        SH: 10    Dex:  9    Spells: 11/11 levels left

rFire   . . .      SeeInvis +   T - +1 scimitar (flame)
rCold   . . .      Faith    .   b - +0 kite shield
rNeg    + . .      Spirit   .   Y - +2 scale mail {Will+}
rPois   ∞          Reflect  .   B - +1 hat "Kezin" {Regen+ Int-2 SInv}
rElec   +          Harm     .   V - +1 cloak {rCorr}
rCorr   +          Rampage  .   w - +0 pair of gloves
Will    +....                   t - +0 pair of boots
Stlth   ..........              (no amulet)
HPRegen 1.02/turn               n - +6 ring of strength
MPRegen 0.15/turn               y - +4 ring of evasion

@: no status effects
A: sickness immunity, AC +8, negative energy resistance 1, electricity
resistance, torment resistance 1, petrification resistance, hooves 1
a: Renounce Religion, Heroism, Finesse, Duel


You were on level 11 of the Dungeon.
You worshipped Okawaru.
Okawaru was extremely pleased with you.
You visited 2 branches of the dungeon, and saw 12 of its levels.
You also visited: Ossuary.

You collected 566 gold pieces.

Inventory:

Hand Weapons
 a - a +0 war axe
 E - a +2 flail of holy wrath
 H - the +8 war axe of the Vendetta {vorpal, rC+}
   (Okawaru gifted it to you on level 10 of the Dungeon)

   It inflicts extra damage upon your enemies.
   rC:        It protects you from cold.
 O - a +0 battleaxe
 T - a +1 scimitar of flaming (weapon)
 X - a +2 demon trident of draining
Missiles
 N - 9 javelins
 U - 4 poisoned darts (quivered)
 Z - 2 silver javelins
Armour
 b - a +0 kite shield (worn)
 c - a +0 buckler
 k - the +1 ring mail "Ykaapt" {rC+}
   (Okawaru gifted it to you on level 11 of the Dungeon)

   rC:        It protects you from cold.
 t - a +0 pair of boots (worn)
 w - a +0 pair of gloves (worn)
 B - the +1 hat "Kezin" (worn) {Regen+ Int-2 SInv}
   (You found it on level 5 of the Dungeon)

   Int:       It affects your intelligence (-2).
   SInv:      It lets you see invisible.
   Regen:     It increases your rate of health regeneration.
 V - a +1 cloak of preservation (worn)
 Y - a +2 scale mail of willpower (worn)
Jewellery
 n - a +6 ring of strength (left hand)
 y - a +4 ring of evasion (right hand)
 M - a ring of fire
Wands
 I - a wand of flame (23)
 L - a wand of iceblast (14)
Scrolls
 f - 2 scrolls of summoning
 i - 15 scrolls of identify {unknown}
 l - a scroll of fog {unknown}
 o - 4 scrolls of noise {unknown}
 v - 3 scrolls of enchant weapon {unknown}
 A - 2 scrolls of amnesia {unknown}
 G - 3 scrolls of brand weapon {unknown}
 J - a scroll of teleportation {unknown}
 K - a scroll of fear {unknown}
 P - a scroll of enchant armour {unknown}
 Q - a scroll of immolation {unknown}
 R - a scroll of vulnerability {unknown}
Potions
 d - 2 potions of might
 e - 3 potions of mutation
 g - a potion of flight {unknown}
 h - 3 potions of magic {unknown}
 j - a potion of lignification {unknown}
 m - a potion of brilliance {unknown}
 r - 3 potions of curing
 s - 3 potions of resistance {unknown}
 u - 2 potions of haste {unknown}
 x - 3 potions of degeneration {unknown}
 z - 2 potions of heal wounds {unknown}
 C - a potion of berserk rage {unknown}
 W - a potion of ambrosia {unknown}
Miscellaneous
 S - a lightning rod (4/4)


   Skills:
 + Level 8.8 Fighting
 * Level 9.6 Axes
 + Level 8.8 Armour
 + Level 5.5 Dodging
 + Level 8.8 Shields
 + Level 5.8 Invocations
 + Level 6.1 Evocations


You had 11 spell levels left.
You didn't know any spells.
Your spell library contained the following spells:

 Spells                   Type           Power      Damage    Failure   Level
 Beastly Appendage        Tmut           0%         N/A       90%         1
 Corpse Rot               Necr/Air       0%         N/A       97%         2
 Poisonous Vapours        Pois/Air       0%         N/A       97%         2
 Wereblood                Tmut           0%         N/A       97%         2
 Ozocubu's Armour         Ice            0%         N/A       99%         3
 Spider Form              Tmut/Pois      0%         N/A       99%         3
 Enfeeble                 Hex            0%         N/A       100%        7
 Ozocubu's Refrigeration  Ice            0%         4d5       100%        7
 Polar Vortex             Ice            0%         N/A       100%        9
 Summon Ice Beast         Ice/Summ       Unusable   N/A       N/A         4

Dungeon Overview and Level Annotations

Branches:
Dungeon (11/15)            Temple (1/1) D:5            Lair (0/6) D:8
Ossuary (visited)
    Orc: D:9-12

Altars:
Ashenzari
Cheibriados
Dithmenos
Elyvilon
Fedhas
Gozag
Hepliaklqana
Kikubaaqudgha
Makhleb
Nemelex Xobeh
Okawaru
Qazlal
Ru
Sif Muna
Trog
Uskayaw
Vehumet
Wu Jian
Xom
Yredelemnul
Zin
The Shining One

Shops:
D:2 :

Annotations:
D:9 1 runed translucent door, Bricks's ghost, novice MiFi


Innate Abilities, Weirdness & Mutations

You are immune to sickness and miasma.
Your stone body is resilient. (AC +8)
You are immune to poison.
You resist negative energy. (rN+)
You are resistant to electric shocks. (rElec)
You are resistant to unholy torment.
You are immune to petrification.
You have large cloven feet.


Message History

You are too injured to fight recklessly!
Unknown command.
You are too injured to fight recklessly!
Unknown command.
Unknown command.
You hack one of the seven-headed hydra's heads off!
The flame cauterises the wound!
You slice the six-headed hydra!! You burn the six-headed hydra.
The six-headed hydra is severely wounded.
The six-headed hydra bites you.
The six-headed hydra completely misses you.
You block the six-headed hydra's attack.
The six-headed hydra bites you!
The six-headed hydra bites you but does no damage. x3
The six-headed hydra barely misses you.
You block the six-headed hydra's attack.
The six-headed hydra misses you. The six-headed hydra barely misses you.
The six-headed hydra completely misses you.
You lop one of the six-headed hydra's heads off!
The flame cauterises the wound!
You hit the five-headed hydra. You burn the five-headed hydra.
The five-headed hydra is severely wounded.
The five-headed hydra barely misses you.
You block the five-headed hydra's attack.
The five-headed hydra misses you. The five-headed hydra bites you.
The five-headed hydra bites you but does no damage.
You hack one of the five-headed hydra's heads off!
The flame cauterises the wound!
You hit the four-headed hydra. You burn the four-headed hydra.
The four-headed hydra is severely wounded.
You block the four-headed hydra's attack.
The four-headed hydra bites you!
* * * LOW HITPOINT WARNING * * *
The four-headed hydra misses you. The four-headed hydra bites you!
* * * LOW HITPOINT WARNING * * *
The four-headed hydra bites you!
* * * LOW HITPOINT WARNING * * *
The four-headed hydra bites you but does no damage.
The four-headed hydra bites you!
You die...

.....))))).......# ###.....#.....
.......)#).......###...#####.#.#.
.......[#........#...#.#.....#.#)
........#........'.###.#.#####.##
.......##........### #...# ..##
##+######........# #.### #.##
######'### #.. ..## #..### ####
.### ##.@.# ###D# .# .. ... ....
....# ....# .


You could see a four-headed hydra.

Vanquished Creatures
  Erica (D:10)
  4 two-headed ogres (D:10)
  Urug (D:10)
  An orc knight (D:11)
  An ugly thing (D:11)
  A cyclops (D:11)
  Maurice (D:10)
  Joseph (D:8)
  An unseen horror (D:11)
  Psyche (D:11)
  A troll (D:10)
  Grinder (D:6)
  3 shadows
  Sigmund (D:6)
  2 wraiths
  4 yaks (D:9)
  A wyvern (D:9)
  2 water moccasins
  6 sky beasts
  16 orc warriors
  2 ice beasts (D:7)
  2 ogres
  4 black bears
  A hornet zombie (D:4)
  2 necrophages
  7 centaurs
  2 phantoms
  6 bullfrogs
  A gnoll sergeant (D:11)
  4 scorpions
  4 water moccasin zombies (Ossuary)
  9 killer bees
  12 wights
  5 centaur zombies
  A bullfrog zombie (D:5)
  2 jellies (D:6)
  A bullfrog skeleton (D:5)
  4 hounds
  4 orc priests
  A gnoll shaman (D:9)
  An iguana (D:6)
  11 orc wizards
  2 killer bee zombies
  2 hound skeletons
  2 mummies (Ossuary)
  15 gnolls
  A howler monkey skeleton (D:7)
  2 howler monkey zombies
  5 adders
  A white imp (D:5)
  3 adder zombies (Ossuary)
  4 worms
  4 dart slugs
  52 orcs
  8 ball pythons
  6 bats
  5 endoplasms
  3 giant cockroaches
  8 goblins
  8 hobgoblins
  5 jackals
  4 kobolds
  8 quokkas
  7 frilled lizards
  4 gnoll zombies (Ossuary)
  6 hobgoblin zombies (Ossuary)
  4 kobold zombies (Ossuary)
  6 orc zombies (Ossuary)
  6 rats
317 creatures vanquished.

Vanquished Creatures (others)
  2 withered plants (D:9)
2 creatures vanquished.

Grand Total: 319 creatures vanquished

Notes
Turn   | Place    | Note
-------+----------+-------------------------------------------
     0 | D:1      | arthad the Gargoyle Fighter began the quest for the Orb.
     0 | D:1      | Reached XP level 1. HP: 14/14 MP: 1/1
    94 | D:1      | Reached skill level 2 in Axes
    94 | D:1      | Reached XP level 2. HP: 19/19 MP: 2/2
   499 | D:1      | Reached XP level 3. HP: 23/23 MP: 3/3
   822 | D:2      | Found Fake Berch's Book Emporium.
  1143 | D:2      | Found a glowing silver altar of Zin.
  1215 | D:2      | Reached XP level 4. HP: 27/29 MP: 4/4
  1930 | D:3      | Reached XP level 5. HP: 28/33 MP: 5/5
  2235 | D:3      | Reached skill level 3 in Axes
  2515 | D:4      | Reached XP level 6. HP: 15/39 MP: 6/6
  2906 | D:4      | Noticed a black bear
  2914 | D:4      | Killed a black bear
  3093 | D:4      | Reached skill level 1 in Dodging
  3093 | D:4      | Reached skill level 1 in Evocations
  3093 | D:4      | Reached XP level 7. HP: 39/44 MP: 7/7
  3165 | D:4      | Reached skill level 5 in Fighting
  3165 | D:4      | Reached skill level 4 in Axes
  3165 | D:4      | Reached skill level 5 in Armour
  3387 | D:5      | Entered Level 5 of the Dungeon
  3396 | D:5      | Reached skill level 5 in Shields
  3424 | D:5      | Found a sand-covered staircase.
  3429 | Ossuary  | Entered an ossuary
  3661 | Ossuary  | Reached XP level 8. HP: 28/49 MP: 8/8
  3944 | D:5      | Found a shimmering altar of Xom.
  3946 | D:5      | Found an ancient bone altar of Kikubaaqudgha.
  3946 | D:5      | Found a shimmering altar of Xom.
  3952 | D:5      | Found a stormy altar of Qazlal.
  3952 | D:5      | Found a glowing golden altar of the Shining One.
  3952 | D:5      | Found an iron altar of Okawaru.
  4295 | D:5      | Reached skill level 5 in Axes
  4469 | D:5      | Identified the +1 hat "Kezin" {Regen+ Int-2 SInv}
  4612 | D:5      | Found a snail-covered altar of Cheibriados.
  4898 | D:5      | Identified the +3 robe "Tyanlocu" {Contam Rampage *Slow
                  | Str+4}
  4915 | D:5      | Found a blossoming altar of Fedhas.
  4925 | D:5      | Found a staircase to the Ecumenical Temple.
  4934 | Temple   | Entered the Ecumenical Temple
  5067 | Temple   | Became a worshipper of Warmaster Okawaru
  5623 | D:6      | Reached XP level 9. HP: 55/55 MP: 9/9
  5672 | D:6      | Reached * piety under Okawaru
  5784 | D:6      | Reached skill level 6 in Axes
  5910 | D:6      | Noticed Sigmund
  5923 | D:6      | Killed Sigmund
  5923 | D:6      | Reached ** piety under Okawaru
  5924 | D:6      | Reached skill level 1 in Invocations
  6188 | D:6      | Noticed Grinder
  6206 | D:6      | Killed Grinder
  6526 | D:7      | Got the Handbook of Hexes and the Snowflakes
  6542 | D:7      | Found a glowing silver altar of Zin.
  6634 | D:7      | Reached XP level 10. HP: 61/61 MP: 11/11
  6651 | D:7      | Reached *** piety under Okawaru
  6673 | D:7      | Reached skill level 7 in Axes
  7093 | D:8      | Noticed Joseph
  7104 | D:8      | Killed Joseph
  7486 | D:8      | Reached **** piety under Okawaru
  7559 | D:8      | Found a staircase to the Lair.
  8110 | D:9      | Found a runed translucent door.
  8110 | D:9      | Noticed Bricks's ghost (novice MiFi)
  8382 | D:9      | HP: 3/63 [orc warrior (9)]
  8383 | D:9      | Gained mutation: You have large cloven feet. [potion of
                  | mutation]
  8387 | D:9      | Reached ***** piety under Okawaru
  8389 | D:9      | HP: 2/63 [orc warrior (14)]
  8401 | D:9      | Reached skill level 8 in Axes
  8401 | D:9      | Reached XP level 11. HP: 12/68 MP: 11/13
  8598 | D:9      | Reached skill level 5 in Evocations
  8761 | D:9      | Found a faded altar of an unknown god.
  8882 | D:10     | Entered Level 10 of the Dungeon
  8907 | D:10     | Noticed Erica
  8920 | D:10     | Killed Erica
  8920 | D:10     | Identified the +8 war axe of the Vendetta {vorpal, rC+}
                  | (Okawaru gifted it to you on level 10 of the Dungeon)
  8920 | D:10     | Received a gift from Okawaru
  8962 | D:10     | Noticed a two-headed ogre
  8968 | D:10     | Killed a two-headed ogre
  9062 | D:10     | Noticed Maurice
  9076 | D:10     | Killed Maurice
  9280 | D:10     | Noticed Urug
  9291 | D:10     | Killed Urug
  9470 | D:10     | Noticed a two-headed ogre
  9490 | D:10     | Noticed a two-headed ogre
  9500 | D:10     | Killed a two-headed ogre
  9501 | D:10     | Reached skill level 5 in Dodging
  9501 | D:10     | Reached skill level 5 in Invocations
  9536 | D:10     | Noticed a two-headed ogre
  9550 | D:10     | Killed a two-headed ogre
  9551 | D:10     | Reached skill level 9 in Axes
  9848 | D:10     | Killed a two-headed ogre
 10155 | D:11     | Received a gift from Okawaru
 10243 | D:11     | Noticed Psyche
 10247 | D:11     | Killed Psyche
 10277 | D:11     | Noticed a purple ugly thing
 10281 | D:11     | Killed a purple ugly thing
 10282 | D:11     | Reached XP level 12. HP: 74/75 MP: 16/16
 10437 | D:11     | Identified the +1 ring mail "Ykaapt" {rC+} (Okawaru gifted
                  | it to you on level 11 of the Dungeon)
 10437 | D:11     | Received a gift from Okawaru
 10531 | D:11     | Noticed an eight-headed hydra
 10540 | D:11     | HP: 1/75 [four-headed hydra (9)]
 10540 | D:11     | Mangled by a four-headed hydra

Illustrated notes

Levels and vault maps discovered:
D:1:      minmay_arrival_stone_box, layout_loops_ring, minmay_shallow_snake_nest
D:2:      layout_rooms, basic_altar, serial_shops, nicolae_shop_hallway_plus
D:3:      minmay_diamond_boxcup, layout_loops_ring, minmay_ruptured
D:4:      layout_rooms
D:5:      layout_layer_cave, marbit_many_paths, mainiacjoe_overflow_alcove_1,
          doesnt_xom_only_xom, minmay_temple_entry_statues_fountains,
          enter_ossuary_5, dk_noncrumbling_3
D:6:      layout_loops_cross, sigmund_army, uniq_grinder
D:7:      minmay_inner_zag, layout_cave_pools, mainiacjoe_overflow_tiny_flanked,
          serial_column_ruins, column_ruins_open_small_water,
          column_ruins_grid_1, column_ruins_columns_straight,
          column_ruins_grid_1, column_ruins_open_tiny
D:8:      layout_loops_corners, lair_entry_dummy, uniq_joseph
D:9:      layout_irregular_city, gammafunk_ghost_grave, serial_column_ruins,
          column_ruins_hut, column_ruins_temple_hut, column_ruins_open_small,
          column_ruins_open_tiny, column_ruins_grid_1, column_ruins_open_small,
          column_ruins_open_tiny
D:10:     minmay_octagon_keep, layout_basic, uniq_urug, uniq_erica, uniq_maurice
D:11:     layout_roguey [special_room_orc], special_room [special_room_kobold],
          uniq_psyche
Temple:   regret_index_temple_mists

Skill      XL: |  1  2  3  4  5  6  7  8  9 10 11 12 |
---------------+-------------------------------------+-----
Axes           | 2 3 4 5 6 8 9 |  9.6
Fighting       | 4 5 6 7 8 |  8.8
Armour         | 4 5 6 7 8 |  8.8
Shields        | 4 5 6 7 8 |  8.8
Dodging        | 1 2 3 4 5 |  5.5
Evocations     | 1 3 4 5 6 |  6.1
Invocations    | 2 3 5 |  5.8

Action                   |  1- 3 |  4- 6 |  7- 9 | 10-12 || total
-------------------------+-------+-------+-------+-------++-------
Melee: War axe           |   122 |   172 |   382 |   436 ||  1112
       Scimitar          |       |       |       |     6 ||     6
Throw: Dart              |       |       |       |     5 ||     5
Invok: Heroism           |       |       |       |     4 ||     4
Evoke: Wand              |       |       |     1 |     4 ||     5
  Use: Scroll            |       |       |     3 |     1 ||     4
       Potion            |       |       |       |     6 ||     6
 Stab: Sleeping          |       |       |     1 |       ||     1
Armor: Scale mail        |    58 |    88 |   135 |    65 ||   346
       Ring mail         |       |       |    72 |   142 ||   214
Dodge: Dodged            |    70 |    93 |   261 |   366 ||   790
Block: Buckler           |    30 |    44 |    95 |   134 ||   303
       Kite shield       |       |       |       |    30 ||    30
